 Dungeon Crawl Stone Soup version 0.28.0-47-ge53b351184 (webtiles) character file.

Game seed: 14468976579179524148

102 GigaChad the Covered (level 4, -3/40 HPs)
             Began as a Minotaur Fighter on May 7, 2022.
             Was a Believer of Uskayaw.
             Slain by GigaChad's ghost (10 damage)
             ... on level 3 of the Dungeon.
             The game lasted 00:04:39 (2490 turns).

GigaChad the Covered (Minotaur Fighter)             Turns: 2490, Time: 00:04:40

Health: -3/40      AC:  7    Str: 21    XL:     4   Next: 49%
Magic:  3/3        EV:  9    Int:  5    God:    Uskayaw [**....]
Gold:   162        SH:  4    Dex: 11    Spells: 3/3 levels left

rFire   . . .      SeeInvis .   a - +0 long sword
rCold   . . .      Faith    .   c - +0 buckler
rNeg    . . .      Spirit   .   b - +0 scale mail
rPois   .          Reflect  .   (helmet restricted)
rElec   .          Harm     .   (no cloak)
rCorr   .          Rampage  .   (no gloves)
Will    .....                   (no boots)
Stlth   ..........              (no amulet)
HPRegen 0.13/turn               (no ring)
MPRegen 0.08/turn               (no ring)

@: no status effects
A: horns 2, retaliatory headbutt
a: Renounce Religion, Stomp, Line Pass


You were on level 3 of the Dungeon.
You worshipped Uskayaw.
Uskayaw was noncommittal.
You visited 1 branch of the dungeon, and saw 3 of its levels.

You collected 162 gold pieces.

Inventory:

Hand Weapons
 a - a +0 long sword (weapon)
 h - a +1 dagger of venom
Armour
 b - a +0 scale mail (worn)
 c - a +0 buckler (worn)
Jewellery
 e - a ring of ice
Scrolls
 f - 2 scrolls of identify {unknown}
 i - a scroll of fog {unknown}
 j - a scroll of noise {unknown}
Potions
 d - 2 potions of might
 g - a potion of lignification {unknown}
 k - a potion of brilliance {unknown}


   Skills:
 + Level 4.0 Fighting
 + Level 3.6 Long Blades
 + Level 4.6 Armour
 + Level 0.9 Dodging
 + Level 0.2 Stealth
 + Level 4.3 Shields


You had 3 spell levels left.
You didn't know any spells.
Your spell library was empty.

Dungeon Overview and Level Annotations

Branches:
Dungeon (3/15)

Altars:
Uskayaw

Annotations:
D:3 GigaChad's ghost, amateur MiFi


Innate Abilities, Weirdness & Mutations

You have a pair of horns on your head.
You reflexively headbutt those who attack you in melee.


Message History

Found a purple potion.
The jelly quivers.
k - a purple potion The jelly jiggles.
GigaChad's ghost makes a sound of rattling chains.
You open the gate. GigaChad's ghost hits you!
You hit the jelly.
Your hands burn!
The jelly is lightly wounded.
You block the jelly's attack. GigaChad's ghost closely misses you.
The rat bites you. The jelly closely misses you.
You hit the rat. You headbutt the rat.
You kill the rat!
GigaChad's ghost hits you. The jelly hits you but does no damage.
The frilled lizard bites you.
You hit the jelly.
Your hands burn!
You headbutt the jelly!
The jelly is almost dead.
GigaChad's ghost hits you. The jelly hits you but does no damage.
The frilled lizard misses you. GigaChad's ghost barely misses you.
You can now pass through a line of other dancers.
You slash the jelly!
You kill the jelly!
The frilled lizard bites you but does no damage.
GigaChad's ghost whispers, "Soon you will have time, lots of time..."
You block GigaChad's ghost's attack.
Your Fighting skill increases to level 4!
The frilled lizard bites you but does no damage.
GigaChad's ghost hits you.
* * * LOW HITPOINT WARNING * * *
There is an open translucent gate here.
GigaChad's ghost barely misses you. GigaChad's ghost hits you.
* * * LOW HITPOINT WARNING * * *
The frilled lizard bites you but does no damage.
You closely miss GigaChad's ghost. You headbutt GigaChad's ghost.
GigaChad's ghost is lightly damaged.
GigaChad's ghost barely misses you.
The frilled lizard bites you but does no damage.
GigaChad's ghost hits you!
You die...

#.# #............)..###
#..###.#######..........
#.... ..........#####..
#.... ..........## ##.
#..#########.....#####.
#..#.......#...#.......
#..#..#.#..#...##......
#..'.l.#...#...##......
#..'.W@..(.#...##......
#..'...#.?$#...##......
#..#..#.#..#...##......
#..#.......#...##......
#..#########...########
#..............# #
#..............# #
##.###......##.# #.#
######.# ..#


You could see GigaChad's ghost and a frilled lizard.

Vanquished Creatures
  A jelly (D:3)
  An adder (D:3)
  5 dart slugs
  6 endoplasms (D:2)
  3 goblins
  2 hobgoblins
  2 jackals (D:1)
  3 quokkas (D:2)
  9 ball pythons
  4 bats
  9 frilled lizards
  7 kobolds
  7 rats
59 creatures vanquished.

Vanquished Creatures (others)
  8 plants (D:1)
8 creatures vanquished.

Grand Total: 67 creatures vanquished

Notes
Turn   | Place    | Note
-------+----------+-------------------------------------------
     0 | D:1      | GigaChad the Minotaur Fighter began the quest for the Orb.
     0 | D:1      | Reached XP level 1. HP: 19/19 MP: 0/0
   240 | D:1      | Found a faded altar of an unknown god.
   276 | D:1      | Reached XP level 2. HP: 15/27 MP: 1/1
   279 | D:1      | Prayed at the altar of an unknown god.
   279 | D:1      | Became a worshipper of Uskayaw the Reveller
   279 | D:1      | Reached * piety under Uskayaw
   478 | D:1      | Reached ** piety under Uskayaw
  1713 | D:2      | Reached XP level 3. HP: 33/33 MP: 2/2
  2377 | D:3      | Reached XP level 4. HP: 37/40 MP: 3/3
  2452 | D:3      | Noticed GigaChad's ghost (amateur MiFi)
  2465 | D:3      | Found a runed translucent gate.
  2465 | D:3      | Found a runed translucent gate.
  2467 | D:3      | Found a runed translucent gate.
  2490 | D:3      | Slain by GigaChad's ghost

Illustrated notes

Levels and vault maps discovered:
D:1:      lemuel_arrival_broad_hall, layout_loops_ring,
          shapermc_ecumenical_altar_gd, minmay_lizard_king
D:2:      minmay_razor_zed, layout_rooms
D:3:      layout_rooms, mainiacjoe_overflow_brackets, serial_shops,
          nicolae_shop_statue_plus, gammafunk_ghost_split, uniq_sigmund

Skill      XL: |  1  2  3  4 |
---------------+-------------+-----
Armour         | 4 |  4.6
Shields        | 4 |  4.3
Long Blades    | 3 |  3.6
Fighting       | 4 |  4.0
Dodging        | |  0.9
Stealth        | |  0.2

Action                   |  1- 3 |  4- 6 || total
-------------------------+-------+-------++-------
Melee: Long sword        |   137 |    11 ||   148
       Headbutt          |     9 |     4 ||    13
Armor: Scale mail        |    63 |    12 ||    75
Dodge: Dodged            |    80 |     9 ||    89
Block: Buckler           |    46 |     5 ||    51
